AoeStats
← farmer4510

Arabia

510025605Analyzed
1v1 RM · 4d ago on Sep 29, 2026· 60m 10s· 2 players
Game mode
Random Map
Map size
Tiny (2 player)
Population
200
Speed
Normal
Resources
Standard
Victory
Conquest
Starting age
Dark Age
Ending age
Imperial Age
RankedLock teamsTeams togetherTeam positionsShared explorationLock speedFull tech treeHidden civsTurbo modeCheats
Victory
Defeat
🇺🇸 Huns · United States
1021
+16
🇺🇸 Franks · United States
1023
-16
farmer4510
3:35 Loom
10:44 Feudal Age
9:00 Loom
11:39 Double-Bit Axe
14:15 Forging
14:05 Scale Mail Armor
14:27 Bloodlines
14:34 Scale Barding Armor
19:16 Horse Collar
23:05 Castle Age
21:55 Stone Mining
21:56 Gold Mining
24:07 Fletching
24:17 Padded Archer Armor
24:45 Bow Saw
26:20 Bodkin Arrow
26:40 Leather Archer Armor
26:51 Elite Skirmisher
28:19 Thumb Ring
29:48 Husbandry
33:12 Ballistics
36:51 Wheelbarrow
42:43 Imperial Age
40:29 Hand Cart
42:12 Murder Holes
43:35 Gold Shaft Mining
43:31 Heavy Cavalry Archer
44:40 Bracer
45:57 Parthian Tactics
46:10 Conscription
47:12 Chemistry
Scoop20
6:12 Loom
9:02 Feudal Age
9:34 Double-Bit Axe
17:20 Town Watch
20:40 Castle Age
19:55 Fletching
21:29 Bodkin Arrow
21:38 Husbandry
23:12 Wheelbarrow
23:35 Bow Saw
24:34 Ballistics
29:45 Hand Cart
30:46 Fervor
30:54 Gold Mining
30:54 Stone Mining
34:03 Scale Barding Armor
35:17 Chain Barding Armor
42:37 Imperial Age
41:28 Forging
41:18 Padded Archer Armor
42:54 Cavalier
43:21 Elite Skirmisher
44:41 Plate Barding Armor
44:41 Iron Casting
44:23 Leather Archer Armor
44:56 Paladin
46:09 Conscription
48:34 Blast Furnace
54:32 Chivalry
Connection lost

Rejoining the realm…

Still unreachable

The connection could not be restored.

Session expired

The server has moved on; the page needs a fresh start.